Map: 16-Bit LE

Players

ManlyManMeat - Winner!

  • Race: Terran Terran
  • Spawn Location: 1:00

VOD

Have the link to the VOD?

Description

Time

  • Played on: May 12, 2025, 12:51 p.m.
  • Length: 97:11
Show
View Real Time Build Order
Export as new Build Order

ManlyManMeat Terran - Winner!

Build Orders: Reaper Expand 

Get SALT Encoding   

  12  6:46  Supply Depot x2  
  12  6:47  SCV  
  12  6:59  SCV  
  12  8:45  Barracks  
  12  8:48  Engineering Bay  
  12  8:51  SCV, Refinery  
  12  8:55  Supply Depot  
  12  9:03  SCV  
  12  9:48  Marine  
  12  9:52  Barracks  
  12  9:56  Bunker  
  12  9:58  Missile Turret  
  12  10:03  Refinery  
  12  10:04  Orbital Command  
  12  10:45  Reaper  
  12  10:50  Factory  
  12  10:57  Barracks  
  12  11:00  Barracks  
  12  11:08  Barracks Tech Lab  
  12  11:13  SCV  
  12  11:25  SCV  
  12  11:26  Command Center  
  12  11:27  Marauder  
  12  11:30  Command Center  
  12  11:36  Armory  
  12  11:45  SCV  
  12  11:48  Starport  
  12  12:05  Barracks Reactor  
  12  12:06  Barracks Tech Lab  
  12  12:11  SCV  
  12  12:16  Starport  
  12  12:23  SCV  
  12  12:26  Sensor Tower  
  12  12:35  SCV  
  12  12:40  Orbital Command  
  12  12:45  Refinery  
  12  12:47  Refinery  
  12  13:01  Orbital Command  
  12  13:39  Hellion  
  12  13:45  Fusion Core  
  12  13:50  Viking  
  12  13:57  SCV  
  12  14:00  SCV  
  12  14:01  Widow Mine  
  12  14:04  Refinery  
  12  14:05  SCV  
  12  14:09  SCV  
  12  14:12  SCV  
  12  14:17  SCV  
  12  14:19  Refinery  
  12  14:20  Medivac  
  12  14:24  SCV  
  12  14:26  Hellion  
  12  14:29  SCV  
  12  14:58  SCV  
  12  15:11  Starport Tech Lab  
  12  15:13  Factory Tech Lab  
  12  15:16  Starport Tech Lab  
  12  15:21  Barracks Tech Lab  
  12  15:27  Ghost Academy  
  12  15:29  SCV  
  12  15:31  SCV  
  12  15:34  SCV  
  12  15:41  SCV  
  12  15:43  SCV  
  12  15:46  Hyperflight Rotors, SCV  
  12  15:50  Battlecruiser  
  12  15:53  Thor  
  12  15:55  SCV  
  12  15:59  Advanced Ballistics  
  12  16:01  Stimpack, Combat Shield  
  12  16:04  Infernal Pre-Igniter  
  12  16:06  Cloaking Field  
  12  16:12  Supply Depot  
  12  16:14  Supply Depot  
  12  16:16  Supply Depot  
  12  16:19  SCV  
  12  16:31  SCV  
  12  16:32  Refinery  
  12  16:33  Command Center, Battlecruiser  
  12  16:36  Refinery  
  12  16:37  Command Center, Refinery  
  12  16:40  Refinery  
  12  16:41  Siege Tank  
  12  16:45  Ghost  
  12  16:54  Banshee  
  12  17:14  Cyclone  
  12  17:19  Concussive Shells  
  12  17:22  Drilling Claws  
  12  17:37  Banshee, Raven  
  12  17:46  Hellion  
  12  17:49  SCV  
  12  17:53  SCV  
  12  18:01  Ghost  
  12  18:03  Marine  
  12  18:05  SCV  
  12  18:07  Hellion  
  12  18:08  Marine  
  12  18:11  Liberator  
  12  18:13  SCV  
  12  18:17  SCV  
  12  18:21  Reaper  
  12  18:26  Reaper  
  12  18:29  SCV, Widow Mine  
  12  18:30  Marine  
  12  18:41  Mag-Field Accelerator  
  12  18:48  Reaper  
  12  18:50  Cyclone  
  12  18:53  Marauder  
  12  18:54  Medivac  
  12  18:58  Marauder  
  12  19:20  Marauder  
  12  20:21  Smart Servos  
  12  34:09  Refinery  
  12  34:12  Refinery  
  12  34:17  Refinery  
  12  34:26  Refinery  
  12  34:28  Command Center  
  12  34:33  Refinery  
  12  34:34  Command Center  
  12  34:35  Refinery  
  12  34:50  Command Center  
  12  35:39  Ghost  
  12  35:40  Viking, Siege Tank  
  12  36:10  Raven  
  12  47:24  Supply Depot  
  12  49:17  Command Center, Refinery  
  12  49:19  Command Center, Refinery  
  12  49:20  Command Center  
  12  49:21  Refinery x2  
  12  49:22  Supply Depot, Refinery x2  
  12  49:23  Command Center  
  12  49:24  Refinery  
  12  49:25  Refinery  
  12  49:30  Command Center, Refinery  
  12  49:33  Refinery  
  12  49:45  Supply Depot  
  12  50:00  Refinery x2  
  12  50:02  Command Center  
  12  50:07  Supply Depot  
  12  50:29  Supply Depot  
  12  50:52  Supply Depot  
  12  51:15  Supply Depot  
  12  63:24  Supply Depot  
  12  65:19  Orbital Command  
  12  65:20  Orbital Command  
  12  65:23  Orbital Command  
  12  65:25  Orbital Command  
  12  65:27  Orbital Command  
  12  65:28  Planetary Fortress  
  12  65:30  Planetary Fortress  
  12  83:12  Planetary Fortress  
  12  87:15  Planetary Fortress  
  12  88:12  Hellion  
  12  92:04  Barracks  
  12  92:10  Engineering Bay  
  12  92:20  Factory  
  12  92:22  Starport  
  12  93:47  Marine  
  12  93:48  Hellion  
  12  93:49  Viking  
  12  93:50  Terran Infantry Weapons Level 1  
  12  94:05  Marine  
  12  94:09  Hellion  
  12  94:19  Viking  
Tags
 
Add a new tag
Caveats
  • Supply blocks, unpowered buildings, or Contaminate may cause inaccurate times.
  • Supply counts are checked every 10 seconds.